General information
- name: BNet
- type: Ladder team game (AT/RT)
- host: Battle.net
- saver: 8274148
map: TwilightRuins
- players: 8
- length: 39:04
- speed: Fast
- version: 1.28 W3XP
- replay type: Public
» download(353 KB)
Players
team 1 (loser)

»
yello (
yellow | 30 APM | 1117 actions | 37:49)
10 Death Knight
3 Death Coil
3 Unholy Aura
1 Animate Dead
3 Death Pact
» actions
| Basic commands | 6 | |
| Build / train | 109 | |
| Enter build submenu | 24 | |
| Enter hero's abilities submenu | 11 | |
| Give item / drop item | 1 | |
| Remove unit from queue | 2 | |
| Right click | 489 | |
| Select / deselect | 403 | |
| Use ability | 72 | |
1117 total
» units
| Acolyte | 27 | |
| Ghoul | 4 | |
| Crypt Fiend | 17 | |
| Frost Wyrm | 19 | |
67 total
» upgrades
| Web | 1 | |
| Freezing Breath | 1 | |
| Creature Attack | 2 | |
| Creature Carapace | 3 | |
7 total
» buildings
| Graveyard | 1 | |
| Crypt | 1 | |
| Ziggurat | 10 | |
| Altar of Darkness | 1 | |
| Tomb of Relics | 1 | |
| Spirit Tower | 7 | |
| Halls of the Dead | 1 | |
| Black Citadel | 1 | |
| Sacrificial Pit | 1 | |
| Boneyard | 2 | |
26 total
» build order
00:32 Graveyard
00:37 Crypt
00:41 Ziggurat
01:00 Altar of Darkness
01:33 Tomb of Relics
01:50 Ziggurat
04:43 Ziggurat
04:46 Spirit Tower
05:16 Halls of the Dead
06:23 Ziggurat
09:38 Ziggurat
09:53 Ziggurat
10:03 Ziggurat
10:07 Ziggurat
10:14 Black Citadel
10:19 Sacrificial Pit
10:42 Spirit Tower
10:46 Spirit Tower
10:56 Spirit Tower
10:59 Spirit Tower
12:38 Spirit Tower
13:16 Boneyard
13:20 Boneyard
19:10 Ziggurat
19:15 Ziggurat
24:02 Spirit Tower
» items
| Rod of Necromancy | 2 | |
| Potion of Healing | 2 | |
| Scroll of Healing | 3 | |
| Potion of Lesser Invulnerability | 1 | |
| Orb of Corruption | 1 | |
| Potion of Mana | 3 | |
12 total

»
Lionel-Messi (
purple | 59 APM | 1428 actions | 24:06)
3 Blademaster
2 Critical Strike
1 Mirror Image
2 Shadow Hunter
1 Serpent Ward
1 Hex
» actions
| Assign group hotkey | 33 | |
| Basic commands | 37 | |
| Build / train | 50 | |
| ESC pressed | 12 | |
| Enter build submenu | 16 | |
| Enter hero's abilities submenu | 5 | |
| Give item / drop item | 4 | |
| Right click | 695 | |
| Select / deselect | 187 | |
| Select group hotkey | 311 | |
| Use ability | 78 | |
1428 total
» units
| Peon | 6 | |
| Grunt | 6 | |
| Wind Rider | 3 | |
| Troll Batrider | 8 | |
23 total
» upgrades
| Berserker Strength | 1 | |
| Liquid Fire | 1 | |
| Ranged Weapons | 1 | |
3 total
» buildings
| Altar of Storms | 1 | |
| Orc Burrow | 5 | |
| Barracks | 1 | |
| Voodoo Lounge | 1 | |
| Stronghold | 2 | |
| Beastiary | 1 | |
| War Mill | 1 | |
| Fortress | 1 | |
13 total
» build order
00:11 Altar of Storms
00:24 Orc Burrow
00:49 Barracks
01:23 Voodoo Lounge
01:39 Orc Burrow
03:27 Stronghold
03:27 Stronghold
03:55 Orc Burrow
05:53 Orc Burrow
06:11 Beastiary
07:49 War Mill
08:32 Fortress
09:18 Orc Burrow
» items
| Healing Salve | 3 | |
| Lesser Clarity Potion | 1 | |
| Scroll of Speed | 2 | |
| Potion of Healing | 1 | |
| Potion of Mana | 1 | |
| Claws of Attack +6 | 2 | |
| Claws of Attack +9 | 1 | |
| Gloves of Haste | 1 | |
12 total
MARIO-ODYSSEY (
pink | 78 APM | 3051 actions | 39:03)
10 Blademaster
3 Wind Walk
3 Critical Strike
1 Bladestorm
3 Mirror Image
» actions
| Assign group hotkey | 48 | |
| Basic commands | 24 | |
| Build / train | 84 | |
| Enter build submenu | 28 | |
| Enter hero's abilities submenu | 9 | |
| Give item / drop item | 3 | |
| Right click | 1324 | |
| Select / deselect | 315 | |
| Select group hotkey | 972 | |
| Use ability | 244 | |
3051 total
» units
| Peon | 13 | |
| Goblin Shredder | 2 | |
| Wind Rider | 5 | |
| Troll Batrider | 13 | |
| Raider | 1 | |
| Goblin Sapper | 3 | |
37 total
» upgrades
| Reinforced Defenses | 1 | |
| Ranged Weapons | 2 | |
| Armor | 2 | |
| Envenomed Spears | 1 | |
| Liquid Fire | 1 | |
| Ensnare | 1 | |
| Melee Weapons | 1 | |
| Pillage | 1 | |
10 total
» buildings
| Altar of Storms | 1 | |
| Orc Burrow | 7 | |
| Voodoo Lounge | 1 | |
| Stronghold | 3 | |
| War Mill | 2 | |
| Great Hall | 3 | |
| Fortress | 2 | |
| Beastiary | 3 | |
| Watch Tower | 35 | |
57 total
» build order
00:06 Altar of Storms
00:17 Orc Burrow
01:15 Voodoo Lounge
02:04 Stronghold
02:05 Stronghold
02:05 Stronghold
02:43 Orc Burrow
02:43 Orc Burrow
02:45 Orc Burrow
03:14 War Mill
03:26 War Mill
03:58 Great Hall
05:46 Fortress
05:46 Fortress
06:09 Beastiary
06:14 Beastiary
06:39 Watch Tower
06:39 Watch Tower
06:40 Watch Tower
06:51 Watch Tower
08:52 Watch Tower
08:58 Watch Tower
08:59 Watch Tower
09:00 Watch Tower
09:00 Watch Tower
09:33 Watch Tower
09:35 Watch Tower
10:10 Watch Tower
11:08 Beastiary
11:13 Watch Tower
11:14 Watch Tower
11:56 Orc Burrow
11:59 Orc Burrow
13:38 Watch Tower
13:39 Watch Tower
13:40 Watch Tower
15:32 Orc Burrow
16:21 Watch Tower
16:45 Watch Tower
16:46 Watch Tower
22:10 Watch Tower
22:11 Watch Tower
22:12 Watch Tower
22:12 Watch Tower
24:24 Watch Tower
24:25 Watch Tower
24:25 Watch Tower
24:26 Watch Tower
28:07 Great Hall
29:29 Watch Tower
29:30 Watch Tower
29:30 Watch Tower
29:31 Watch Tower
29:36 Great Hall
29:58 Watch Tower
29:59 Watch Tower
30:00 Watch Tower
» items
| Healing Salve | 5 | |
| Lesser Clarity Potion | 5 | |
| Staff of Teleportation | 1 | |
| Orb of Lightning | 1 | |
| Potion of Greater Healing | 1 | |
| Scroll of Town Portal | 4 | |
| Book of the Dead | 1 | |
18 total

»
Corleyfam (
orange | 27 APM | 570 actions | 21:04)
2 Lich
1 Frost Nova
1 Dark Ritual
» actions
| Build / train | 73 | |
| ESC pressed | 1 | |
| Enter build submenu | 26 | |
| Enter hero's abilities submenu | 2 | |
| Right click | 169 | |
| Select / deselect | 244 | |
| Use ability | 55 | |
570 total
» units
| Acolyte | 9 | |
| Ghoul | 11 | |
| Necromancer | 22 | |
| Crypt Fiend | 7 | |
49 total
» upgrades
| Unholy Strength | 3 | |
| Unholy Armor | 3 | |
| Skeletal Mastery | 1 | |
| Skeletal Longevity | 1 | |
| Necromancer Training | 2 | |
| Web | 1 | |
11 total
» buildings
| Ziggurat | 17 | |
| Altar of Darkness | 1 | |
| Crypt | 2 | |
| Graveyard | 1 | |
| Halls of the Dead | 1 | |
| Spirit Tower | 6 | |
| Nerubian Tower | 1 | |
| Black Citadel | 2 | |
| Temple of the Damned | 2 | |
33 total
» build order
01:02 Ziggurat
01:08 Ziggurat
01:20 Altar of Darkness
02:15 Crypt
02:43 Crypt
02:46 Ziggurat
06:17 Graveyard
08:19 Ziggurat
08:21 Ziggurat
08:24 Ziggurat
08:29 Ziggurat
08:32 Ziggurat
08:39 Halls of the Dead
08:52 Spirit Tower
09:31 Nerubian Tower
09:33 Spirit Tower
11:17 Black Citadel
11:33 Temple of the Damned
11:38 Temple of the Damned
12:20 Black Citadel
12:57 Ziggurat
13:00 Ziggurat
13:07 Ziggurat
13:15 Ziggurat
13:19 Ziggurat
13:47 Ziggurat
13:50 Ziggurat
13:52 Ziggurat
13:56 Ziggurat
14:37 Spirit Tower
14:45 Spirit Tower
14:48 Spirit Tower
14:54 Spirit Tower
team 2 (winner)
NewPlayer1 (
blue | 94 APM | 2524 actions | 26:53)
5 Priestess of the Moon
3 Trueshot Aura
1 Scout
1 Searing Arrows
4 Mountain King
2 Storm Bolt
2 Bash
4 Keeper of the Grove
2 Entangling Roots
2 Thorns Aura
4 Paladin
2 Holy Light
1 Divine Shield
1 Devotion Aura
2 Naga Sea Witch
1 Frost Arrows
1 Forked Lightning
3 Archmage
2 Brilliance Aura
1 Summon Water Elemental
» actions
| Assign group hotkey | 177 | |
| Basic commands | 1 | |
| Build / train | 145 | |
| ESC pressed | 3 | |
| Enter build submenu | 48 | |
| Enter hero's abilities submenu | 23 | |
| Give item / drop item | 11 | |
| Right click | 824 | |
| Select / deselect | 619 | |
| Select group hotkey | 556 | |
| Use ability | 116 | |
2524 total
» units
| Wisp | 17 | |
| Peasant | 8 | |
| Archer | 22 | |
| Rifleman | 15 | |
| Hippogryph | 10 | |
| Siege Engine | 6 | |
78 total
» upgrades
| Improved Bows | 1 | |
| Lumber Harvesting | 2 | |
| Long Rifles | 1 | |
| Hippogryph Taming | 1 | |
| Gunpowder | 3 | |
| Marksmanship | 1 | |
| Barrage | 1 | |
| Strength of the Moon | 3 | |
| Nature's Blessing | 1 | |
| Plating | 2 | |
16 total
» buildings
| Altar of Elders | 1 | |
| Moon Well | 8 | |
| Farm | 16 | |
| Altar of Kings | 1 | |
| Scout Tower | 1 | |
| Ancient of War | 1 | |
| Blacksmith | 1 | |
| Arcane Tower | 1 | |
| Barracks | 1 | |
| Tree of Ages | 2 | |
| Arcane Vault | 1 | |
| Keep | 2 | |
| Lumber Mill | 1 | |
| Tree of Life | 4 | |
| Ancient of Wind | 3 | |
| Tree of Eternity | 1 | |
| Castle | 1 | |
| Town Hall | 1 | |
| Workshop | 2 | |
| Hunter's Hall | 1 | |
| Ancient of Wonders | 1 | |
51 total
» build order
00:18 Altar of Elders
00:32 Moon Well
00:35 Moon Well
00:37 Farm
00:42 Altar of Kings
01:13 Scout Tower
01:17 Ancient of War
01:30 Blacksmith
01:46 Farm
01:47 Arcane Tower
02:14 Farm
02:17 Barracks
02:31 Tree of Ages
02:42 Tree of Ages
03:01 Farm
03:12 Moon Well
03:35 Arcane Vault
03:42 Keep
03:42 Keep
03:45 Farm
04:02 Lumber Mill
04:24 Moon Well
04:32 Farm
05:13 Tree of Life
05:18 Farm
06:01 Ancient of Wind
06:04 Ancient of Wind
06:26 Farm
06:41 Tree of Eternity
08:17 Castle
08:21 Town Hall
09:30 Workshop
09:32 Workshop
09:43 Moon Well
09:47 Hunter's Hall
10:13 Farm
11:10 Moon Well
11:48 Farm
13:03 Moon Well
15:28 Moon Well
15:35 Ancient of Wonders
17:59 Farm
18:00 Farm
18:02 Farm
21:17 Ancient of Wind
21:34 Farm
21:35 Farm
21:57 Farm
22:02 Tree of Life
24:39 Tree of Life
24:44 Tree of Life
» items
| Boots of Speed | 3 | |
| Scroll of Protection | 2 | |
| Orb of Venom | 1 | |
| Potion of Healing | 4 | |
| Scroll of Town Portal | 4 | |
| Orb of Fire | 1 | |
15 total
8274148 (
green | 117 APM | 4579 actions | 39:04)
6 Archmage
3 Summon Water Elemental
2 Brilliance Aura
1 Mass Teleport
5 Mountain King
3 Storm Bolt
2 Bash
» actions
| Assign group hotkey | 106 | |
| Basic commands | 158 | |
| Build / train | 202 | |
| ESC pressed | 1 | |
| Enter build submenu | 40 | |
| Enter hero's abilities submenu | 11 | |
| Give item / drop item | 15 | |
| Remove unit from queue | 1 | |
| Right click | 1357 | |
| Select / deselect | 638 | |
| Select group hotkey | 1733 | |
| Use ability | 317 | |
4579 total
» units
| Peasant | 14 | |
| Footman | 5 | |
| Goblin Shredder | 3 | |
| Rifleman | 7 | |
| Sorceress | 7 | |
| Priest | 6 | |
| Gryphon Rider | 3 | |
| Dragonhawk Rider | 2 | |
| Goblin Sapper | 5 | |
| Spell Breaker | 2 | |
54 total
» upgrades
| Masonry | 3 | |
| Swords | 3 | |
| Long Rifles | 1 | |
| Armor | 3 | |
| Gunpowder | 3 | |
| Sorceress Training | 2 | |
| Magic Sentry | 1 | |
| Priest Training | 2 | |
| Animal War Training | 1 | |
| Control Magic | 1 | |
| Lumber Harvesting | 1 | |
| Storm Hammers | 1 | |
| Cloud | 1 | |
| Plating | 3 | |
| Fragmentation Shards | 1 | |
| Barrage | 1 | |
| Flak Cannons | 1 | |
| Flying Machine Bombs | 1 | |
| Flare | 1 | |
31 total
» buildings
| Altar of Kings | 1 | |
| Barracks | 3 | |
| Farm | 13 | |
| Arcane Vault | 1 | |
| Lumber Mill | 1 | |
| Scout Tower | 13 | |
| Arcane Tower | 4 | |
| Town Hall | 1 | |
| Keep | 3 | |
| Blacksmith | 1 | |
| Guard Tower | 23 | |
| Castle | 3 | |
| Arcane Sanctum | 2 | |
| Gryphon Aviary | 2 | |
| Workshop | 2 | |
73 total
» build order
00:53 Altar of Kings
00:55 Barracks
00:58 Farm
01:05 Farm
01:21 Farm
01:57 Arcane Vault
02:05 Lumber Mill
02:14 Farm
02:50 Scout Tower
03:21 Arcane Tower
03:22 Arcane Tower
03:59 Town Hall
04:02 Scout Tower
04:18 Arcane Tower
04:18 Arcane Tower
05:20 Scout Tower
05:43 Keep
05:43 Keep
05:43 Keep
05:46 Blacksmith
05:56 Guard Tower
05:56 Guard Tower
05:57 Guard Tower
06:00 Scout Tower
06:59 Guard Tower
06:59 Guard Tower
06:59 Guard Tower
08:17 Farm
08:20 Farm
08:39 Castle
08:39 Castle
08:39 Castle
08:42 Scout Tower
08:43 Scout Tower
08:46 Scout Tower
10:07 Arcane Sanctum
10:12 Arcane Sanctum
10:15 Gryphon Aviary
10:16 Gryphon Aviary
11:12 Scout Tower
11:13 Scout Tower
11:15 Scout Tower
11:16 Scout Tower
11:18 Guard Tower
11:40 Guard Tower
11:40 Guard Tower
11:40 Guard Tower
11:50 Guard Tower
11:50 Guard Tower
12:16 Guard Tower
12:16 Guard Tower
12:16 Guard Tower
12:21 Guard Tower
12:21 Guard Tower
13:44 Scout Tower
13:44 Scout Tower
13:59 Farm
14:01 Farm
14:18 Guard Tower
14:19 Guard Tower
14:19 Guard Tower
14:22 Guard Tower
14:22 Guard Tower
14:23 Guard Tower
18:31 Farm
18:32 Farm
20:44 Barracks
20:45 Barracks
20:49 Workshop
20:49 Workshop
20:51 Farm
22:03 Farm
22:04 Farm
» items
| Mechanical Critter | 5 | |
| Scroll of Regeneration | 8 | |
| Potion of Lesser Invulnerability | 3 | |
| Periapt of Vitality | 3 | |
| Scroll of Protection | 3 | |
| Boots of Speed | 1 | |
| Scroll of Healing | 2 | |
| Circlet of Nobility | 1 | |
| Sentry Wards | 1 | |
| Scroll of Town Portal | 4 | |
| Staff of Sanctuary | 1 | |
| Orb of Fire | 1 | |
33 total

»
DoritoMan (
teal | 92 APM | 3285 actions | 35:40)
6 Mountain King
3 Storm Bolt
2 Bash
1 Avatar
6 Blood Mage
2 Siphon Mana
3 Banish
1 Summon Phoenix
1 Keeper of the Grove
1 Entangling Roots
» actions
| Assign group hotkey | 142 | |
| Basic commands | 53 | |
| Build / train | 117 | |
| ESC pressed | 5 | |
| Enter build submenu | 51 | |
| Enter hero's abilities submenu | 13 | |
| Give item / drop item | 8 | |
| Remove unit from queue | 9 | |
| Right click | 1212 | |
| Select / deselect | 516 | |
| Select group hotkey | 984 | |
| Use ability | 175 | |
3285 total
» units
| Peasant | 25 | |
| Dragonhawk Rider | 7 | |
| Gryphon Rider | 3 | |
| Goblin Zeppelin | 1 | |
| Siege Engine | 6 | |
42 total
» upgrades
| Lumber Harvesting | 2 | |
| Masonry | 3 | |
| Storm Hammers | 1 | |
| Cloud | 1 | |
| Swords | 3 | |
| Armor | 2 | |
12 total
» buildings
| Farm | 13 | |
| Scout Tower | 23 | |
| Keep | 1 | |
| Arcane Tower | 1 | |
| Altar of Kings | 1 | |
| Lumber Mill | 2 | |
| Guard Tower | 12 | |
| Arcane Vault | 1 | |
| Gryphon Aviary | 3 | |
| Castle | 3 | |
| Town Hall | 2 | |
| Blacksmith | 1 | |
| Tree of Ages | 1 | |
| Tree of Eternity | 2 | |
| Ancient of Wind | 1 | |
67 total
» build order
00:21 Farm
01:01 Farm
01:13 Scout Tower
01:46 Keep
01:54 Arcane Tower
02:14 Altar of Kings
02:27 Lumber Mill
03:55 Scout Tower
04:12 Scout Tower
04:14 Farm
04:55 Guard Tower
05:21 Guard Tower
05:38 Farm
06:01 Farm
06:03 Scout Tower
06:13 Arcane Vault
06:41 Gryphon Aviary
07:20 Guard Tower
07:50 Farm
08:27 Gryphon Aviary
09:03 Scout Tower
09:11 Scout Tower
09:12 Scout Tower
09:16 Scout Tower
09:18 Scout Tower
09:40 Guard Tower
09:45 Guard Tower
09:47 Guard Tower
10:12 Castle
10:12 Castle
10:13 Castle
10:21 Farm
11:13 Scout Tower
11:15 Scout Tower
11:16 Scout Tower
11:30 Town Hall
12:06 Farm
12:07 Farm
12:33 Guard Tower
12:34 Guard Tower
13:57 Blacksmith
13:59 Farm
13:59 Farm
13:59 Farm
14:03 Gryphon Aviary
14:13 Guard Tower
14:40 Farm
16:32 Scout Tower
16:34 Scout Tower
20:40 Guard Tower
20:45 Scout Tower
20:46 Scout Tower
20:46 Scout Tower
20:48 Scout Tower
20:48 Scout Tower
20:49 Scout Tower
21:14 Guard Tower
24:56 Lumber Mill
25:55 Scout Tower
25:56 Scout Tower
28:03 Guard Tower
29:39 Tree of Ages
30:27 Scout Tower
32:12 Tree of Eternity
32:12 Tree of Eternity
32:15 Ancient of Wind
34:44 Town Hall
» items
| Boots of Speed | 2 | |
| Mantle of Intelligence +3 | 1 | |
| Scroll of Regeneration | 1 | |
| Scroll of Town Portal | 2 | |
| Staff of Sanctuary | 1 | |
| Orb of Fire | 1 | |
| Scroll of Protection | 1 | |
| Scroll of Healing | 4 | |
| Periapt of Vitality | 1 | |
14 total
Chat log
(00:09 / Allies) DoritoMan: WHY WHY WHY AM I ALWAYS THE EDGE MAN
(00:10 / Allies) DoritoMan: FUCK
(00:16 / Allies) DoritoMan: im going to noob tech to gryphos
(00:24 / Allies) NewPlayer1: plz dont
(00:30 / Allies) DoritoMan: i need to
(00:39 / Allies) NewPlayer1: i got him
(00:47 / Allies) DoritoMan: You pro?
(00:52 / Allies) NewPlayer1: yea
(01:01 / All) Lionel-Messi: gg
(01:03 / Allies) NewPlayer1: dont touc him
(01:06 / All) 8274148: gg
(01:08 / All) 8274148: time for you to leave
(01:11 / All) 8274148: before you get rocked 3v4
(01:12 / All) Lionel-Messi: yes
(01:15 / All) Lionel-Messi: for you noob
(01:18 / All) 8274148: nah
(01:28 / All) 8274148: want some lube purp?
(01:37 / All) 8274148: you're about to take it hard in your boipucci
(01:46 / All) Lionel-Messi: gg noob
(01:48 / All) Lionel-Messi: pls leave
(01:48 / All) 8274148: out
(01:51 / All) 8274148: if you surrendered already
(02:26 / All) 8274148: purp I'll pause so you an find the leave button
(02:28 / All) Lionel-Messi: gg
(02:29 / All) 8274148: find the leave button
(02:30 / All) 8274148: purp
(02:31 / All) 8274148: and ur team
(02:31 / All) 8274148: out
(02:34 / All) 8274148: out
(02:38 / Allies) NewPlayer1: cut it out
(02:47 / All) 8274148: level 1 bm harass LMAO
(02:51 / All) 8274148: AMAZING PURP
(03:09 / All) 8274148: what the uck is that
(03:12 / All) 8274148: what the fuck is that purp
(03:13 / All) 8274148: retard
(03:33 / All) 8274148: look at that retard
(03:35 / All) 8274148: fail harassing teal
(03:37 / All) 8274148: when he could be lvl 2
(03:38 / All) 8274148: LOL
(04:41 / Allies) DoritoMan: they going to rush me
(04:44 / Allies) DoritoMan: gimmie a couple bucks
(04:47 / Allies) 8274148: they're shit they'll fail
(05:03 / Allies) NewPlayer1: go help
(05:04 / Allies) NewPlayer1: green
(05:08 / Allies) 8274148: k
(05:26 / All) DoritoMan: Lol
(05:26 / All) DoritoMan: mate
(05:28 / All) 8274148: what the fuck was that
(05:29 / All) 8274148: retards
(05:31 / All) 8274148: you clowns suck
(05:35 / All) 8274148: just get the fuck out and kill yourselves already
(05:36 / All) 8274148: leave
(05:37 / All) 8274148: OUT
(06:40 / All) 8274148: give up
(06:51 / All) 8274148: 4 grunts and bm LMAO
(06:52 / All) 8274148: PATHETIC
(06:53 / All) 8274148: PURP
(06:55 / All) 8274148: LEAVE
(07:08 / All) 8274148: first time playing purp?
(07:11 / All) 8274148: beat the campaign first
(07:22 / All) 8274148: you play worse than computer (Easy)
(07:29 / All) 8274148: suicide more grunts plz
(07:31 / All) 8274148: you are free xp to me
(07:46 / All) 8274148: suicide more shit purp plz
(07:49 / All) 8274148: more free xp
(07:58 / Allies) DoritoMan: green help me expo
(08:02 / Allies) 8274148: use militia
(08:12 / Allies) DoritoMan: niga
(09:39 / All) 8274148: pendant of energy on my mk
(09:40 / All) 8274148: what u got purp
(09:42 / All) 8274148: total trash i bet
(09:43 / All) 8274148: just like u
(09:51 / All) 8274148: you could have a +30 bm and not use it right
(10:06 / All) Corleyfam: damn, a ton of hate.
(10:51 / All) 8274148: bats
(10:52 / All) 8274148: are not
(10:54 / All) 8274148: a great option
(10:55 / All) 8274148: retard
(11:08 / All) 8274148: do u rly think those will help u this game
(11:09 / All) 8274148: LOL
(11:10 / All) 8274148: give up
(12:34 / Allies) 8274148: hit purp
(12:37 / Allies) 8274148: he has soft base
(12:39 / All) 8274148: ready
(12:42 / Allies) DoritoMan: lol
(12:43 / All) 8274148: to get rocked
(12:43 / Allies) DoritoMan: hasnt expos
(12:44 / All) 8274148: purp?
(12:47 / All) Corleyfam: yw
(12:49 / Allies) DoritoMan: get burrows
(12:52 / All) 8274148: NICE UNUPGRADED BURROWS
(12:53 / All) 8274148: RETARD
(13:06 / All) DoritoMan: GET SOME
(13:19 / All) 8274148: purp never shit talk in a game with me again
(13:22 / All) 8274148: or this will happen to you
(13:23 / All) 8274148: every time
(13:25 / All) DoritoMan: GET SOME
(14:15 / Allies) DoritoMan: tp?
(14:22 / Allies) 8274148: gonna finish purp
(14:32 / All) 8274148: necromancers oj LOL
(14:33 / Allies) DoritoMan: they good
(14:38 / All) 8274148: really?
(15:09 / Allies) DoritoMan: no cloud yet
(15:10 / Allies) DoritoMan: heads up
(15:13 / Allies) DoritoMan: re
(15:16 / Allies) DoritoMan: researching now
(15:43 / All) 8274148: good necromancers
(16:03 / All) 8274148: get something better
(16:04 / All) 8274148: idiot
(16:07 / All) 8274148: I cleared your food for you
(16:10 / All) 8274148: did you a big service oj
(17:17 / All) DoritoMan: So like
(17:21 / All) DoritoMan: Wheres the part we get fukt
(17:27 / All) 8274148: purp give us an update?
(17:29 / All) 8274148: thought we lost?
(17:32 / All) 8274148: think u lost buddy
(17:36 / All) DoritoMan: Really quiet over there lelz
(17:45 / All) 8274148: he only shit talks when he's not taking it in the ass like right now
(18:21 / Allies) DoritoMan: will top
(18:21 / Allies) DoritoMan: tp
(18:39 / All) Lionel-Messi: no i decide to not make a shit
(18:53 / All) Lionel-Messi: not for you green for my team they are an assholes
(18:53 / All) 8274148: you are shit
(18:55 / All) DoritoMan: Nah
(18:56 / All) DoritoMan: You tried
(18:57 / All) 8274148: and an asshole
(18:59 / All) DoritoMan: really har
(19:05 / All) Lionel-Messi: i will let they win if they want
(19:10 / All) Lionel-Messi: i will not make a shi9t
(19:14 / All) 8274148: any team with you on it is so badly off I doubt they could
(19:20 / All) DoritoMan: Niga you tried
(19:21 / All) DoritoMan: really hard
(19:25 / All) 8274148: and failed
(19:29 / All) Lionel-Messi: dude i dont speak english
(19:53 / All) 8274148: told you make better units oj
(20:01 / All) Lionel-Messi: hahahahahaha
(20:08 / All) Lionel-Messi: you know why i dont make a shit
(20:13 / All) Lionel-Messi: pices of nmoobs
(20:16 / All) DoritoMan: OJ
(20:19 / All) DoritoMan: WHat did this cost you
(20:21 / All) DoritoMan: like 3k gold?
(20:22 / All) 8274148: I have 7k
(20:24 / All) 8274148: how much do you have oj
(20:31 / All) Lionel-Messi: they make towers and no units
(20:35 / All) Lionel-Messi: good this asshole
(21:09 / All) 8274148: lol
(21:10 / All) DoritoMan: Lol
(21:12 / All) DoritoMan: GET SOME
(21:13 / All) Lionel-Messi: its sees thats they are so fucking noobs i told to rush since the beggining and they prefer to tower up
(21:19 / All) 8274148: you are a noob purp
(21:22 / All) 8274148: accept ur position
(21:30 / All) 8274148: stop trying to be something you are not
(21:31 / All) DoritoMan: Lol
(21:35 / All) 8274148: and never talk trash again
(23:08 / All) Lionel-Messi: i let you alone pink i hope your 3 wyvs and 2 bats make something
(23:11 / All) Lionel-Messi: hahahahah
(23:14 / All) 8274148: kill yourself
(23:15 / All) 8274148: purp
(23:16 / All) DoritoMan: Purp
(23:19 / All) DoritoMan: come attack my base again
(23:20 / All) Lionel-Messi: make me do it
(23:22 / All) Lionel-Messi: noobs
(23:22 / All) DoritoMan: it was effective
(23:26 / All) 8274148: think I did
(23:27 / All) 8274148: after this game
(23:30 / All) 8274148: you wont want to live anymore
(23:32 / All) Lionel-Messi: i make it on purpose
(23:33 / All) 8274148: from how bad uw ere humiliated
(23:38 / All) 8274148: yeah ok purp
(23:40 / All) Lionel-Messi: i know my team suck like you teal
(23:42 / All) 8274148: you arent retarded and shit at this game
(23:44 / All) 8274148: just pretending
(23:45 / All) 8274148: LOL
(24:00 / All) Lionel-Messi: not as much as you
(24:03 / All) Lionel-Messi: noob
(24:12 / All) DoritoMan: lol
(24:12 / Allies) NewPlayer1: wtf r ud oing
(24:19 / All) NewPlayer1: WTF
(24:33 / All) MARIO-ODYSSEY: lalw wtf happened
(24:36 / All) MARIO-ODYSSEY: i used my tp hack
(25:07 / Allies) 8274148: make sure to buy tp on red
(25:39 / Allies) DoritoMan: watch the bats
(25:55 / Allies) NewPlayer1: wtf r u doing
(26:00 / Allies) NewPlayer1: idiot
(26:09 / Allies) DoritoMan: relax we're fine
(26:12 / Allies) 8274148: we got this
(26:17 / Allies) 8274148: chill out man
(26:20 / Allies) NewPlayer1: why u tking
(26:21 / Allies) DoritoMan: coming to you
(26:31 / Allies) NewPlayer1: green teal
(26:32 / Allies) NewPlayer1: wtf
(26:37 / Allies) 8274148: stop tking blue
(26:43 / Allies) NewPlayer1: im leaving
(26:45 / Allies) NewPlayer1: yall idiots
(26:47 / Allies) 8274148: stop tking
(26:51 / All) NewPlayer1: idiots on my team
(26:51 / All) 8274148: Blue is tking
(27:09 / Allies) 8274148: glad that tker left
(28:45 / Allies) 8274148: teal u here?
(28:49 / Allies) DoritoMan: yeah im with you
(28:52 / Allies) DoritoMan: red just tkd all my shit
(28:54 / Allies) DoritoMan: agains tyellow though
(29:01 / Allies) 8274148: yeah blue was an asshole
(29:02 / Allies) 8274148: huge tker
(29:28 / Allies) DoritoMan: going tank on red
(29:29 / Allies) DoritoMan: hip on blue
(31:23 / Allies) DoritoMan: feed red some gold
(31:58 / All) MARIO-ODYSSEY: YEllow is so useless
(32:05 / All) 8274148: he is absolutely worthless
(32:07 / All) 8274148: aren't you yellow?
(33:57 / Allies) 8274148: noob
(34:58 / Allies) DoritoMan: hit pink together
(34:59 / Allies) DoritoMan: and we win
(35:03 / Allies) DoritoMan: took down their heros
(35:19 / Allies) DoritoMan: dude?
(35:22 / Allies) 8274148: huh?
(35:28 / Allies) DoritoMan: why did you uproot
(35:30 / Allies) 8274148: why did you uproot that?
(35:32 / Allies) 8274148: wtf
(35:36 / Allies) DoritoMan: Youre team killing
(35:37 / Allies) DoritoMan: buye
(35:38 / All) 8274148: pink do you control hack?
(35:45 / All) MARIO-ODYSSEY: yes
(35:51 / All) 8274148: teal thought I was tking and left
(35:56 / All) 8274148: what a character
(37:27 / All) 8274148: out
(37:53 / All) 8274148: lol
(37:55 / All) 8274148: purp lose?
(38:05 / All) MARIO-ODYSSEY: lets stats god my team was dumb
(38:10 / All) MARIO-ODYSSEY: u should see purps chat
(38:16 / All) 8274148: I love how purp shut up as soon as I started shit talking nonstop
(38:18 / All) 8274148: and then ate shit
(38:28 / All) MARIO-ODYSSEY: he tked yellows acolytes with his bm
(38:29 / All) 8274148: I wouldn't have been such an asshole at all if he didn't deserve it lawl
(38:33 / All) 8274148: what a douchebag
(38:46 / All) 8274148: Red left right away and is 1-2
(38:48 / All) 8274148: 2-0 blue
(38:52 / All) 8274148: teal 15-20
(38:58 / All) 8274148: your team lose
(38:59 / All) MARIO-ODYSSEY: purp loses?
(39:01 / All) 8274148: yeah